 Dungeon Crawl Stone Soup version 0.19-a0-1682-g5114f93 (webtiles) character file.

410 MistressOfTheDunes the Insei (level 6, -4/47 HPs)
             Began as a Mummy Monk on Sept 24, 2016.
             Slain by an ogre
             ... wielding a +0 giant spiked club
              (28 damage)
             ... on level 4 of the Dungeon.
             The game lasted 00:05:20 (4628 turns).

MistressOfTheDunes the Insei (Mummy Monk)           Turns: 4628, Time: 00:05:21

Health: -4/47      AC:  5    Str: 14    XL:     6   Next: 58%
Magic:  6/6        EV: 14    Int:  9    God:
Gold:   91         SH:  0    Dex: 17    Spells: 0 memorised, 5 levels left

rFire  x . .     SeeInvis .       - Unarmed
rCold  + . .     Gourm    .     (no armour)
rNeg   + + +     Faith    .     (no shield)
rPois  ∞         Spirit   .     h - -1 helmet (curse)
rElec  .         Dismiss  .     d - +2 cloak
rCorr  .         Reflect  .     (no gloves)
MR     .....     Harm     .     c - +0 pair of boots (curse)
Stlth  ++........               (no amulet)
                                (no ring)
                                (no ring)

@: no status effects
A: no food or potions, fire vulnerability, cold resistance 1, negative energy
resistance 3, torment resistance, unbreathing
a: no special abilities


You were on level 4 of the Dungeon.
You were not hungry.

You visited 1 branch of the dungeon, and saw 4 of its levels.

You collected 91 gold pieces.


Innate Abilities, Weirdness & Mutations

You do not eat or drink.
Your flesh is vulnerable to fire.
You are immune to poison.
Your flesh is cold resistant. (rC+)
You are immune to negative energy. (rN+++)
You are immune to unholy pain and torment.
You can survive without breathing.


   Skills:
 - Level 3.0 Fighting
 + Level 4.3 Dodging
 - Level 1.5 Stealth
 - Level 5.0 Unarmed Combat


You had 5 spell levels left.
You didn't know any spells.

Inventory:

Armour
 c - a cursed +0 pair of boots (worn)
 d - a +2 cloak (worn)
 h - a cursed -1 helmet (worn)
Scrolls
 b - a scroll of amnesia {unknown}
 e - a scroll of remove curse {unknown}
 f - a scroll of recharging {unknown}
 g - 3 scrolls of identify {unknown}
Comestibles
 a - 5 fruits (quivered)

Dungeon Overview and Level Annotations

Branches:
Dungeon (4/15)
 Temple: D:4-7

Altars:
Ashenzari
Cheibriados
Kikubaaqudgha
Nemelex Xobeh
Ru
Xom

......(...l...▒
▒.▒.▒.▒.▒.▒.▒.▒▒
...▒.....).▒..▒
▒▒▒▒▒▒▒▒▒▒▒▒▒▒.▒▒▒▒
▒.▒..▒.. ▒.▒▒.▒.▒
▒▒▒▒▒▒▒▒.▒▒l▒.▒
▒........▒▒O▒.▒
▒.........▒.M.▒
▒.............▒
▒............▒▒
▒▒▒▒▒▒▒.<....▒
▒......▒ ▒........▒
▒▒.......▒
▒.......▒ ▒....>..▒


You could see an ogre and an iguana.


Message History

No target in view!!!
Things that are here:
a vampiric short sword; 18 sling bullets; an orc corpse You see here 20 stones!
An ogre comes into view! It is wielding a giant spiked club!
An ogre is nearby!!!
An ogre is nearby!!!
The ogre shouts!!!
You hear an angry hiss!
Found 15 gold pieces!
You pummel the ogre like a punching bag!
The ogre is lightly wounded!
The ogre misses you!
You barely miss the ogre!
The ogre is lightly wounded!
The ogre hits you with a giant spiked club!!!
An iguana comes into view!
You see here 20 stones!
You swing at nothing!
You pulverise the ogre!!!
The ogre is heavily wounded!
The ogre misses you!
You swing at nothing!
You pummel the ogre like a punching bag!!!
The ogre is severely wounded!
The ogre hits you with a giant spiked club!!!
You beat the ogre into a bloody pulp!
The ogre is almost dead!
The ogre hits you with a giant spiked club!!!!!!
DANG rip

Action                   |  1- 3 |  4- 6 || total
-------------------------+-------+-------++-------
Melee: Unarmed           |   175 |   249 ||   424
       Punch             |     3 |     8 ||    11
 Stab: Sleeping          |     5 |     4 ||     9
Armor: Skin              |    26 |    45 ||    71
Dodge: Dodged            |   110 |   148 ||   258

Vault maps used:
D:1:      dpeg_arrival_triangle_fractal, nemelex_diamond_rough_becter
D:2:      nicolae_overflow_quartered_altars
D:3:      cheibrodos_ashenzari_chains, uniq_jessica
D:4:      first_bread, hangedman_minor_gate_pass, uniq_crazy_yiuf_cottage

Notes
Turn   | Place    | Note
-------+----------+-------------------------------------------
     0 | D:1      | MistressOfTheDunes the Mummy Monk began the quest for the Orb.
     0 | D:1      | Reached XP level 1. HP: 18/18 MP: 1/1
    72 | D:1      | HP: 1/18 [dart slug/slug dart (7)]
   423 | D:1      | Reached XP level 2. HP: 5/24 MP: 2/2
   677 | D:1      | Reached skill level 3 in Unarmed Combat
   976 | D:1      | Found a sparkling altar of Nemelex Xobeh.
  1547 | D:2      | Found a shimmering altar of Xom.
  1609 | D:2      | Reached XP level 3. HP: 26/29 MP: 3/3
  1954 | D:2      | Found a sacrificial altar of Ru.
  1965 | D:2      | Found a snail-covered altar of Cheibriados.
  2124 | D:1      | Reached skill level 4 in Unarmed Combat
  2352 | D:2      | Reached XP level 4. HP: 28/35 MP: 4/4
  3017 | D:2      | Found an ancient bone altar of Kikubaaqudgha.
  3110 | D:3      | Reached XP level 5. HP: 41/41 MP: 5/5
  3130 | D:3      | Noticed an ice beast
  3196 | D:3      | Reached skill level 5 in Unarmed Combat
  3570 | D:3      | Found a shattered altar of Ashenzari.
  3570 | D:3      | Noticed Jessica
  3581 | D:3      | Killed Jessica
  3581 | D:3      | Reached skill level 3 in Dodging
  3598 | D:3      | HP: 3/41 [worker ant zombie (4)]
  4129 | D:3      | Killed an ice beast
  4129 | D:3      | Reached XP level 6. HP: 19/47 MP: 6/6
  4331 | D:3      | Reached skill level 4 in Dodging
  4628 | D:4      | Slain by an ogre

Vanquished Creatures
  An ice beast (D:3)
  Jessica (D:3)
  2 worker ants
  An orc wizard (D:3)
  A worker ant zombie (D:3)
  3 gnolls (D:2)
  10 adders
  3 worms (D:2)
  2 dart slugs (D:1)
  9 orcs
  6 giant cockroaches
  6 hobgoblins
  3 quokkas
  A ball python (D:3)
  6 bats
  6 frilled lizards
  4 goblins
  9 kobolds
  7 rats
81 creatures vanquished.
